 Dungeon Crawl Stone Soup version 0.32-a0-696-g5fa0bccb63 (webtiles) character file.

Game seed: 12199432755804384881

253 Gargoyl the Trooper (level 6, -3/39 HPs)
             Began as a Gargoyle Berserker on Mar 13, 2024.
             Was a Priest of Trog.
             Slain by an ogre
             ... wielding a +0 giant club
              (15 damage)
             ... on level 4 of the Dungeon.
             The game lasted 00:04:08 (2332 turns).

Gargoyl the Trooper (Gargoyle Berserker)            Turns: 2332, Time: 00:04:09

Health: -3/39      AC: 15    Str: 20    XL:     6   Next: 14%
Magic:  6/6        EV:  5    Int:  8    God:    Trog [***...]
Gold:   199        SH:  5    Dex: 11    Spells: 5/5 levels left

rFire   . . .        a - +0 hand axe (spect)
rCold   . . .        (no shield)
rNeg    + + .        c - +0 plate armour
rPois   ∞            (no helmet)
rElec   +            (no cloak)
rCorr   .            (no gloves)
SInv    .            (no boots)
Will    ++...        b - amulet of reflection Stlth
                     m - ring of positive energy
HPRegen 1.26/turn    (no ring)
MPRegen 0.10/turn

%: reflection
@: silenced, strong-willed (expiring), on berserk cooldown, regenerating
(expiring), slowed, very slow
A: sickness immunity, AC +4, negative energy resistance 1, electricity
resistance, torment resistance 1, petrification resistance
a: Renounce Religion


You were on level 4 of the Dungeon.
You worshipped Trog.
Trog was most pleased with you.
You visited 1 branch of the dungeon, and saw 4 of its levels.

You collected 199 gold pieces.

Inventory:

Hand Weapons
 a - a +0 spectral hand axe (weapon)
Armour
 c - a +0 plate armour (worn)
 k - the +4 ring mail of Magic {+Inv rPois Will++ Str-5}
   (You found it on level 4 of the Dungeon)

   Str-5:     It affects your strength (-5).
   rPois:     It protects you from poison.
   Will++:    It greatly increases your willpower.
   +Inv:      It lets you turn invisible.
Jewellery
 b - an amulet of reflection (around neck)
 m - a ring of positive energy (left hand)
Scrolls
 i - a scroll of amnesia {unknown}
 j - a scroll of fog {unknown}
 l - a scroll of immolation {unknown}
Potions
 e - 2 potions of cancellation {unknown}
 f - 2 potions of curing {unknown}
 g - 2 potions of degeneration {unknown}
 h - 2 potions of attraction {unknown}


   Skills:
 + Level 4.5 Fighting
 + Level 4.5 Axes
 + Level 3.4 Armour
 + Level 2.2 Dodging
 + Level 0.7 Shields


You had 5 spell levels left.
You didn't know any spells.
Your spell library was empty.

Dungeon Overview and Level Annotations

Branches:
Dungeon (4/15)
 Temple: D:4-7

Altars:
Hepliaklqana
Makhleb

Shops:
D:1 ?   D:2 (


Innate Abilities, Weirdness & Mutations

You are immune to sickness and miasma.
Your stone body is resilient. (AC +4)
You are immune to poison.
You resist negative energy. (rN+)
You are resistant to electric shocks. (rElec)
You are resistant to unholy torment.
You are immune to petrification.


Message History

You are caught in a web!
The ribbon worm expels a string of sticky webbing.
The stream of webbing hits you but does no damage.
You are even more entangled.
There is a web here.
You see here a ball python corpse.
The web tears apart.
You see here the +4 ring mail of Magic {+Inv rPois Will++ Str-5}.
k - the +4 ring mail of Magic {+Inv rPois Will++ Str-5} Your skin crawls.
You feel strong-willed. The ogre barely misses you.
You hit the ogre.
The ogre is moderately wounded.
You hit the ribbon worm.
Your +0 spectral hand axe hits the ogre.
Your +0 spectral hand axe hits the ribbon worm but does no damage.
Your +0 spectral hand axe barely misses the ribbon worm.
Your +0 spectral hand axe hits the ogre.
The ogre hits you with a +0 giant club!
The ribbon worm expels a string of sticky webbing.
The stream of webbing hits you but does no damage.
You are caught in a web!
An iguana comes into view.
As you read the scroll labelled TEODI ZUCERRA, it crumbles to dust.
A profound silence engulfs you.
It was a scroll of silence.
Your +0 spectral hand axe disappears.
The ogre hits you with a +0 giant club!!
* * * LOW HITPOINT WARNING * * *
The ribbon worm bites you but does no damage. x2
The web tears apart.
The ogre completely misses you. The ribbon worm bites you.
* * * LOW HITPOINT WARNING * * *
The ribbon worm barely misses you. The ogre closely misses you.
You feel the effects of Trog's Hand fading.
The ribbon worm expels a string of sticky webbing.
The stream of webbing misses you. The ogre attacks as it pursues you!
The ogre barely misses you.
Unknown command.
The ogre attacks as it pursues you! The ogre hits you with a +0 giant club!
You die...

#......#...†........
#.###..#..........#.
..................#
..................#
..................#
.......†..........#
.............!....#
.........wO.......#
.........l.@......#
...................
#..................
####...............
#..............#
#..............#
################


You could see an ogre, a ribbon worm (unsilenced, catching breath) and an
iguana.

Vanquished Creatures
  A sky beast (D:4)
  An orc priest (D:3)
  An iguana (D:3)
  2 adders (D:2)
  4 dart slugs
  4 orcs (D:3)
  5 bats
  5 endoplasms
  2 giant cockroaches
  7 goblins
  6 hobgoblins
  8 jackals
  8 kobolds
  3 quokkas (D:1)
  7 ball pythons
  4 frilled lizards
  3 rats (D:2)
71 creatures vanquished.

Notes
Turn   | Place    | Note
-------+----------+-------------------------------------------
     0 | D:1      | Gargoyl the Gargoyle Berserker began the quest for the Orb.
     0 | D:1      | Reached XP level 1. HP: 14/14 MP: 1/1
    62 | D:1      | Reached XP level 2. HP: 17/19 MP: 2/2
   349 | D:1      | Found Sin Feam's Magic Scroll Shoppe.
   543 | D:1      | Reached XP level 3. HP: 24/24 MP: 3/3
   683 | D:1      | Reached ** piety under Trog
   905 | D:2      | Reached XP level 4. HP: 27/29 MP: 4/4
   929 | D:2      | Found a hazy altar of Hepliaklqana.
  1163 | D:2      | Found Zopp's Antique Weapon Shop.
  1476 | D:3      | Found a burning altar of Makhleb.
  1570 | D:3      | Reached XP level 5. HP: 14/33 MP: 5/5
  1885 | D:3      | Reached *** piety under Trog
  2305 | D:4      | Noticed a sky beast
  2315 | D:4      | Killed a sky beast
  2316 | D:4      | Reached XP level 6. HP: 39/39 MP: 6/6
  2323 | D:4      | Identified the +4 ring mail of Magic {+Inv rPois Will++
                  | Str-5}
  2332 | D:4      | Slain by an ogre

Illustrated notes

Levels and vault maps discovered:
D:1:      dpeg_arrival_tiny_a, layout_basic, serial_shops, shop
D:2:      layout_rooms, serial_shops, nicolae_shop_tiny_glass, basic_altar,
          minmay_close_crescents
D:3:      layout_loops_ring, mainiacjoe_overflow_six_doors_small,
          chequers_serial_rivers_large_a, dreamdust_wishing_well,
          solitary_fountain, minmay_hedge_maze, roderic_roman_lattice
D:4:      layout_rooms, nicolae_ru_great_annihilating_truth,
          gammafunk_temple_overflow_claw, uniq_ijyb

Skill      XL: |  1  2  3  4  5 |
---------------+----------------+-----
Axes           | 3 4 |  4.5
Fighting       | 4 |  4.5
Dodging        | 2 |  2.2
Armour         | 3 |  3.4
Shields        | |  0.7

Action                     |  1- 3 |  4- 6 || total
---------------------------+-------+-------++-------
  Melee: Hand axe          |   119 |   109 ||   228
 Invoke: Berserk           |     1 |     1 ||     2
         Trog's Hand       |       |     1 ||     1
    Use: Scroll            |     1 |     6 ||     7
 Armour: Animal skin       |    70 |     5 ||    75
         Plate armour      |       |    90 ||    90
  Dodge: Dodged            |    70 |    31 ||   101
  Block: Other             |       |    18 ||    18
         Reflection        |       |     3 ||     3

Table legend: (Time is in decaauts)
 A = Elapsed time spent in this place.
 B = Non-inter-level travel time spent in this place.
 C = Inter-level travel time spent in this place.
 D = Time resting spent in this place.
 E = Time spent auto-exploring this place.
 F = Levels seen in this place.
 G = Mean time per level.
                   A        B        C        D        E       F      G
               +--------+--------+--------+--------+--------+-----+--------+
         Total |   2383 |   2330 |     53 |     87 |   1566 |   4 |  595.8 |
       Dungeon |   2383 |   2330 |     53 |     87 |   1566 |   4 |  595.8 |
               +--------+--------+--------+--------+--------+-----+--------+

Top non-repeatable levels by time:
     D:3: 912 daAuts
     D:1: 855 daAuts
     D:2: 582 daAuts
     D:4: 33 daAuts
